 Dungeon Crawl Stone Soup version 0.28-a0-1387-g3a22ab9 (webtiles) character file.

Game seed: 15986893971274329411

349 Dorkslayer the Slasher (level 6, -13/43 HPs)
             Began as an Octopode Fighter on Jan 2, 2022.
             Mangled by Edmund (27 damage)
             ... on level 4 of the Dungeon.
             The game lasted 00:08:56 (2984 turns).

Dorkslayer the Slasher (Octopode Fighter)           Turns: 2984, Time: 00:08:57

Health: -13/43     AC:  1    Str: 17    XL:     6   Next: 60%
Magic:  6/6        EV: 18    Int: 10    God:
Gold:   175        SH:  4    Dex: 12    Spells: 5/5 levels left

rFire   + . .      SeeInvis .   a - +1 long sword
rCold   . . .      Faith    .   b - +0 buckler
rNeg    . . .      Spirit   .   (helmet restricted)
rPois   .          Reflect  .   (no amulet)
rElec   .          Harm     .   d - +4 ring of evasion
rCorr   .          Rampage  .   k - ring of protection from fire
Will    .....                   (no ring)
Stlth   +++.......              (no ring)
HPRegen 0.14/turn               (no ring)
MPRegen 0.10/turn               (no ring)
                                (no ring)
                                (no ring)

@: mighty
A: almost no armour, amphibious, 8 rings, camouflage 1, gelatinous body 1,
(nimble swimmer 1), tentacles
a: no special abilities


You were on level 4 of the Dungeon.
You visited 2 branches of the dungeon, and saw 5 of its levels.

You collected 175 gold pieces.

Inventory:

Hand Weapons
 a - a +1 long sword (weapon)
Armour
 b - a +0 buckler (worn)
Jewellery
 d - a +4 ring of evasion (left tentacle)
 k - a ring of protection from fire (right tentacle)
Scrolls
 c - a scroll of silence {unknown}
 i - a scroll of blinking
 m - a scroll of amnesia
 o - a scroll of teleportation
Potions
 e - a potion of curing
 f - a potion of heal wounds {unknown}
 g - 2 potions of magic
 h - a potion of invisibility {unknown}
 j - a potion of brilliance
 l - 3 potions of flight
 n - a potion of degeneration {unknown}


   Skills:
 + Level 3.8 Fighting
 + Level 4.7 Long Blades
 + Level 3.7 Dodging
 + Level 4.1 Stealth
 + Level 3.3 Shields


You had 5 spell levels left.
You didn't know any spells.
Your spell library was empty.

Dungeon Overview and Level Annotations

Branches:
Dungeon (4/15)             Temple (1/1) D:4

Altars:
Ashenzari
Dithmenos
Elyvilon
Fedhas
Hepliaklqana
Nemelex Xobeh
Okawaru
Qazlal
Ru
Sif Muna
Trog
Vehumet
Wu Jian
Zin

Annotations:
D:4 Edmund


Innate Abilities, Weirdness & Mutations

You cannot wear most types of armour.
You are amphibious.
You can wear up to eight rings at the same time.
Your skin changes colour to match your surroundings (Stealth+).
Your rubbery body absorbs attacks. (AC +1, EV +1)
((You are camouflaged when in or above water. (Stealth+)))
You have tentacles for arms and can constrict up to eight enemies at once.


Message History

Your Stealth skill increases to level 4!
The gnoll misses you.
You see here a +0 whip.
You slash the gnoll!
You kill the gnoll!
You slice the gnoll!!
You kill the gnoll!
Things that are here:
a +0 flail; a +0 halberd You see here a +0 falchion.
Found a scroll labelled QIKLA KIKHAO.
c - a scroll labelled QIKLA KIKHAO
Found 15 gold pieces and a robe.
An ufetubus comes into view.
Edmund the Younger comes into view.
He is wielding a +5 dire flail of protection.
Found a stone staircase leading up.
Edmund shouts!
You slash the ufetubus!
You kill the ufetubus!
Edmund closely misses you.
You hit Edmund but do no damage. You grab Edmund.
You constrict Edmund, but do no damage. You block Edmund's attack.
Edmund barely misses you.
You hit Edmund but do no damage. You constrict Edmund, but do no damage.
Edmund drinks a potion.
Edmund goes berserk!
You slash Edmund!
Edmund is moderately wounded.
You constrict Edmund.
Edmund hits you with a +5 dire flail of protection!
Edmund completely misses you.
You hit Edmund but do no damage.
Edmund is moderately wounded.
You constrict Edmund, but do no damage.
Edmund hits you with a +5 dire flail of protection!!
You hit Edmund.
Edmund is moderately wounded.
You constrict Edmund. You block Edmund's attack.
Edmund hits you with a +5 dire flail of protection!!
Ouch! That really hurt!
You die...

## #.# #.P_.^# #.#####
.## #.#
#.P.^.####......
#.######.#
####P^.^P#.........
##.......#
...#########..####.
#.########
####.......##..####.
.##
#.................#.
## # #$......##..##.#.
#.#.##......###.......
#...@@.#........##...#
###<#####.####### ...#
# ..... .## [...... .#
.......# #.......#


You could see Edmund (berserk).

Vanquished Creatures
  A steam dragon (D:4)
  A hound skeleton (D:3)
  6 gnolls
  8 adders
  An ufetubus (D:4)
  A worm (D:4)
  An adder skeleton (D:4)
  A dart slug (D:1)
  6 orcs (D:3)
  10 ball pythons
  3 endoplasms
  3 giant cockroaches (D:1)
  4 goblins
  4 hobgoblins
  2 quokkas
  4 bats
  8 frilled lizards
  10 kobolds
  2 rats
76 creatures vanquished.

Vanquished Creatures (others)
  A fungus (D:4)
1 creature vanquished.

Grand Total: 77 creatures vanquished

Notes
Turn   | Place    | Note
-------+----------+-------------------------------------------
     0 | D:1      | Dorkslayer the Octopode Fighter began the quest for the
                  | Orb.
     0 | D:1      | Reached XP level 1. HP: 16/16 MP: 1/1
   138 | D:1      | Reached XP level 2. HP: 21/21 MP: 2/2
   696 | D:2      | Reached XP level 3. HP: 26/26 MP: 3/3
  1200 | D:2      | Reached skill level 1 in Stealth
  1354 | D:2      | Found a faded altar of an unknown god.
  1534 | D:3      | Reached XP level 4. HP: 28/31 MP: 4/4
  1879 | D:3      | Reached XP level 5. HP: 32/36 MP: 5/5
  2569 | D:4      | Found a staircase to the Ecumenical Temple.
  2576 | D:4      | Noticed a steam dragon
  2579 | Temple   | Entered the Ecumenical Temple
  2646 | D:4      | Killed a steam dragon
  2647 | D:4      | Reached XP level 6. HP: 30/43 MP: 6/6
  2912 | D:4      | Found a sacrificial altar of Ru.
  2973 | D:4      | Noticed Edmund
  2984 | D:4      | Mangled by Edmund

Illustrated notes

Levels and vault maps discovered:
D:1:      saegor_arrival_under_anarchy, layout_rooms,
          kennysheep_decorative_pillar
D:2:      layout_rooms, shapermc_ecumenical_altar_starsandcircs,
          hangedman_decor_peaks_small, minmay_cupped
D:3:      layout_loops_ring, corexii_corridor_pit, minmay_crystal_room,
          minmay_snake_closets
D:4:      layout_loops_cross, nicolae_ru_the_path_less_chosen, temple_pool_b,
          uniq_edmund
Temple:   nicolae_temple_god_jail

Skill      XL: |  1  2  3  4  5  6 |
---------------+-------------------+-----
Stealth        | 1 2 3 4 |  4.1
Long Blades    | 3 4 |  4.7
Fighting       | |  3.8
Dodging        | |  3.7
Shields        | |  3.3

Action                   |  1- 3 |  4- 6 || total
-------------------------+-------+-------++-------
Melee: Long sword        |    62 |    80 ||   142
       Constrict         |    12 |    21 ||    33
       Tentacles         |     7 |    10 ||    17
  Use: Scroll            |     5 |     6 ||    11
       Potion            |       |     2 ||     2
 Stab: Sleeping          |     3 |     4 ||     7
Armor: Skin              |     5 |     2 ||     7
Dodge: Dodged            |    41 |    54 ||    95
Block: Buckler           |     9 |    11 ||    20

Table legend: (Time is in decaauts)
 A = Elapsed time spent in this place.
 B = Non-inter-level travel time spent in this place.
 C = Inter-level travel time spent in this place.
 D = Time resting spent in this place.
 E = Time spent auto-exploring this place.
 F = Levels seen in this place.
 G = Mean time per level.
                   A        B        C        D        E       F      G
               +--------+--------+--------+--------+--------+-----+--------+
         Total |   3018 |   3018 |      0 |    794 |    543 |   5 |  603.6 |
       Dungeon |   2962 |   2962 |      0 |    794 |    543 |   4 |  740.5 |
        Temple |     55 |     55 |      0 |      0 |      0 |   1 |   55.0 |
               +--------+--------+--------+--------+--------+-----+--------+

Top non-repeatable levels by time:
     D:3: 1119 daAuts
     D:2: 803 daAuts
     D:1: 674 daAuts
     D:4: 365 daAuts
  Temple: 55 daAuts
